 Dungeon Crawl Stone Soup version 0.27.0-65-ge2af304b15 (webtiles) character file.

Game seed: 10202091566647843691

93 ZARRMARR the Chiller (level 4, -5/30 HPs)
             Began as a Merfolk Ice Elementalist on Aug 19, 2021.
             Slain by a gnoll sergeant (11 damage)
             ... on level 6 of the Dungeon.
             The game lasted 00:09:50 (3059 turns).

ZARRMARR the Chiller (Merfolk Ice Elementalist)     Turns: 3059, Time: 00:09:51

Health: -5/30      AC:  3    Str:  8    XL:     4   Next: 62%
Magic:  5/8        EV: 12    Int: 15    God:
Gold:   113        SH:  0    Dex: 14    Spells: 8/9 levels left

rFire    . . .     SeeInvis .   (no weapon)
rCold    . . .     Faith    .   (no shield)
rNeg     . . .     Spirit   .   a - +0 robe
rPois    +         Reflect  .   (no helmet)
rElec    .         Harm     .   f - scarf {shadows}
rCorr    .         Rampage  .   h - +0 pair of gloves
Will     .....                  (no boots)
Stlth    ++........             (no amulet)
HPRegen  0.10/turn              c - ring of poison resistance
MPRegen  0.11/turn              (no ring)

@: no status effects
A: (nimble swimmer 2), mertail
a: no special abilities


You were on level 6 of the Dungeon.
You visited 1 branch of the dungeon, and saw 4 of its levels.

You collected 113 gold pieces.

Inventory:

Missiles
 b - 23 poisoned darts (quivered)
Armour
 a - a +0 robe (worn)
 f - a scarf of shadows (worn)
 h - a +0 pair of gloves (worn)
Jewellery
 c - a ring of poison resistance (left hand)
 l - an amulet of the acrobat
Wands
 g - a wand of charming (9)
Scrolls
 d - a scroll of blinking {unknown}
 e - a scroll of brand weapon
 m - a scroll of immolation {unknown}
 n - a scroll of teleportation {unknown}
 o - a scroll of fear {unknown}
Potions
 i - a potion of flight {unknown}
 j - 2 potions of mutation {unknown}
 k - a potion of curing {unknown}
 p - 2 potions of haste {unknown}


   Skills:
 + Level 0.6 Throwing
 + Level 2.8 Dodging
 + Level 2.3 Stealth
 + Level 3.1 Spellcasting
 + Level 5.5 Ice Magic


You had 8 spell levels left.
You knew the following spells:

 Your Spells              Type           Power      Damage    Failure   Level
a - Freeze                Ice            72%        1d9       1%          1

Your spell library contained the following spells:

 Spells                   Type           Power      Damage    Failure   Level
 Frozen Ramparts          Ice            36%        1d5       6%          3
 Ozocubu's Armour         Ice            18%        N/A       6%          3
 Sublimation of Blood     Necr           1%         N/A       30%         2
 Wereblood                Tmut           2%         N/A       30%         2
 Hailstorm                Conj/Ice       10%        3d5       54%         4
 Summon Hydra             Summ           1%         N/A       100%        7


Dungeon Overview and Level Annotations

Branches:
Dungeon (3/15)

Altars:
Gozag


Innate Abilities, Weirdness & Mutations

((You are quick and stealthy near water. (Stealth+, EV+, Speed+++)))
Your lower body shifts to a powerful aquatic tail in water.


Message History

The gnoll sergeant shouts!
A gnoll comes into view. It is wielding a +0 club.
The gnoll shouts!
A bullfrog comes into view.
The bullfrog croaks.
You hear a shout!
You hear an angry hiss.
Found 29 stones and a dagger.
Found a stone staircase leading down.
A gnoll comes into view. It is wielding a +0 halberd.
The bullfrog swells and bulges.
Casting: Freeze (safe; 1% risk of failure)
Confirm with . or Enter, or press ? or * to list all spells.
Aiming: Freeze (safe; 1% risk of failure)
Press: ? - help, Shift-Dir - straight line, f - bullfrog
Aim: a bullfrog You freeze the bullfrog!
The bullfrog is heavily wounded.
An adder comes into view.
The bullfrog hits you. x2
Casting: Freeze (safe; 1% risk of failure)
Confirm with . or Enter, or press ? or * to list all spells.
Aiming: Freeze (safe; 1% risk of failure)
Press: ? - help, Shift-Dir - straight line, f/p - bullfrog
Aim: a bullfrog (heavily wounded)
You freeze the bullfrog!
The bullfrog is almost dead.
The bullfrog seems to slow down.
The adder hisses angrily.
The gnoll sergeant hits you from afar with a +0 spear.
The gnoll hits you with a +0 flail!
* * * LOW HITPOINT WARNING * * *
The bullfrog hits you.
* * * LOW HITPOINT WARNING * * *
Casting: Freeze (safe; 1% risk of failure)
Confirm with . or Enter, or press ? or * to list all spells.
Aiming: Freeze (safe; 1% risk of failure)
Press: ? - help, Shift-Dir - straight line, f/p - bullfrog
Aim: a bullfrog (almost dead, slow)
You freeze the bullfrog!
You kill the bullfrog!
The gnoll sergeant hits you from afar with a +0 spear!
You die...

..
###+##..
#.......
#......>
#.......
#@†g....
#gg..S..
#..g(...
#.......
#......≈
#.....PP
#..)..≈P
#.....P≈
#.....PP


You could see a gnoll sergeant, 3 gnolls and an adder.

Vanquished Creatures
  A bullfrog (D:6)
  Terence (D:2)
  2 adders (D:3)
  A dart slug (D:2)
  3 ball pythons
  8 endoplasms
  4 giant cockroaches
  5 goblins
  3 hobgoblins
  3 jackals (D:2)
  5 bats
  4 frilled lizards
  2 kobolds
  4 rats
46 creatures vanquished.

Notes
Turn   | Place    | Note
-------+----------+-------------------------------------------
     0 | D:1      | ZARRMARR the Merfolk Ice Elementalist began the quest for
                  | the Orb.
     0 | D:1      | Reached XP level 1. HP: 13/13 MP: 3/3
   402 | D:1      | Reached XP level 2. HP: 19/19 MP: 1/5
   999 | D:1      | Reached skill level 5 in Ice Magic
  1330 | D:2      | Reached XP level 3. HP: 23/24 MP: 2/6
  2117 | D:2      | Noticed Terence
  2124 | D:2      | Killed Terence
  2125 | D:2      | Reached XP level 4. HP: 17/30 MP: 2/7
  2920 | D:3      | Found an opulent altar of Gozag.
  3053 | D:3      | You fall into a shaft and drop 3 floors!
  3053 | D:6      | Noticed a gnoll sergeant
  3053 | D:6      | Noticed a bullfrog
  3059 | D:6      | Killed a bullfrog
  3059 | D:6      | Slain by a gnoll sergeant

Illustrated notes

Levels and vault maps discovered:
D:1:      scummos_arrival_star, layout_rooms
D:2:      layout_basic, uniq_terence
D:3:      layout_basic, overflow_temple_1_default
D:6:      kennysheep_six_static_rooms, layout_basic, nicolae_stop_n_shop_2,
          serial_bayou_lagoon_a, nzn_random_ring

Skill      XL: |  1  2  3  4 |
---------------+-------------+-----
Ice Magic      | 5 |  5.5
Spellcasting   | 3 |  3.1
Throwing       | |  0.6
Dodging        | |  2.8
Stealth        | |  2.3

Action                   |  1- 3 |  4- 6 || total
-------------------------+-------+-------++-------
Melee: Unarmed           |     1 |       ||     1
Throw: Dart              |     1 |    19 ||    20
 Cast: Freeze            |    52 |    22 ||    74
  Use: Scroll            |     1 |       ||     1
Armor: Robe              |    14 |     3 ||    17
Dodge: Dodged            |    17 |     6 ||    23
